 Dungeon Crawl Stone Soup version 0.25-a0-861-g340c9e8194 (webtiles) character file.

Game seed: 9290761099105336805, levelgen mode: classic

11179 EnegeticOcto the Fighter (level 11, -13/104 HPs)
             Began as a Minotaur Fighter on Apr 29, 2020.
             Was an Initiate of Gozag.
             Killed from afar by a lindwurm (28 damage)
             ... with a blast of flame
             ... on level 11 of the Dungeon.
             The game lasted 00:06:09 (8925 turns).

EnegeticOcto the Fighter (Minotaur Fighter)         Turns: 8925, Time: 00:06:10

Health: -13/104    AC: 22    Str: 24    XL:     11   Next: 45%
Magic:  0/13       EV:  8    Int:  8    God:    Gozag
Gold:   722        SH: 12    Dex: 10    Spells: 10/10 levels left

rFire    . . .     SeeInvis .   C - +1 war axe (vorpal)
rCold    . . .     Gourm    .   c - +1 kite shield
rNeg     . . .     Faith    .   v - +0 plate armour
rPois    +         Spirit   +   D - +0 hat
rElec    .         Reflect  .   z - +2 cloak
rCorr    .         Harm     .   x - +2 pair of gloves
MR       .....                  (no boots)
Stlth    ..........             s - amulet of guardian spirit
HPRegen  0.27/turn              a - ring "Uzxoir" {AC+2 Int+3 Slay+3, =R}
MPRegen  0.13/turn              B - ring of poison resistance

@: gold aura
A: retaliatory headbutt, horns 2
a: Potion Petition, Call Merchant, Bribe Branch, Renounce Religion


You were on level 11 of the Dungeon.
You worshipped Gozag.
Gozag was pleased with you.
You were not hungry.

You visited 2 branches of the dungeon, and saw 12 of its levels.

You collected 1682 gold pieces.
You spent 871 gold pieces at shops.
You paid 89 gold pieces to Gozag.

Inventory:

Hand Weapons
 C - a +1 vorpal war axe (weapon)
Armour
 c - a +1 kite shield (worn)
 v - a +0 plate armour (worn)
 x - a +2 pair of gloves (worn)
 z - a +2 cloak (worn)
 D - a +0 hat (worn)
Jewellery
 a - the ring "Uzxoir" (left hand) {AC+2 Int+3 Slay+3, =R}
   (You acquired it on level 9 of the Dungeon)

   [ring of protection]

   It affects your AC (+2).
   It affects your intelligence (+3).
   It affects your accuracy and damage with ranged weapons and melee attacks
   (+3).
 o - the amulet of the Middle {Inacc *Slow rF+ SInv}
   (You found it on level 10 of the Dungeon)

   [amulet of inaccuracy]

   It reduces the accuracy of all your attacks.
   It protects you from fire.
   It lets you see invisible.
   It may slow you when you take damage.
 s - an amulet of guardian spirit (around neck)
 B - a ring of poison resistance (right hand)
Wands
 f - a wand of paralysis (5)
 q - a wand of acid (2) {@v1}
 y - a wand of clouds (5)
 A - a wand of disintegration (13)
Scrolls
 g - a scroll of identify {@r1}
 h - 5 scrolls of teleportation {@r2}
 j - 4 scrolls of magic mapping {@r5}
 l - 2 scrolls of blinking {@r3}
 p - 2 scrolls of enchant weapon
 r - 5 scrolls of remove curse {@r6}
 t - a scroll of immolation {@r4}
Potions
 b - 2 potions of cancellation
 d - 2 potions of lignification {@q7}
 i - 2 potions of ambrosia
 k - 2 potions of might {@q3}
 m - 2 potions of invisibility
 n - 4 potions of haste {@q4}
 u - 3 potions of curing {@q1}
 w - a potion of heal wounds {@q2}
Comestibles
 e - 6 rations


   Skills:
 * Level 11.7 Fighting
 * Level 11.5 Axes
 + Level 8.8 Armour
 + Level 6.5 Dodging
 + Level 8.7 Shields
 + Level 4.8 Evocations


You had 10 spell levels left.
You didn't know any spells.
Your spell library was empty.

Dungeon Overview and Level Annotations

Branches:
Dungeon (11/15)            Temple (1/1) D:5            Lair (0/6) D:9
    Orc: D:9-12

Altars:
Ashenzari
Cheibriados
Dithmenos
Elyvilon
Fedhas
Gozag
Hepliaklqana
Kikubaaqudgha
Makhleb
Nemelex Xobeh
Okawaru
Qazlal
Trog
Uskayaw
Vehumet
Wu Jian
Xom
Yredelemnul
Zin

Shops:
D:9 %[?

Annotations:
D:7 2 exclusions
D:8 3 runed translucent doors, Yorgos's ghost, novice GnMo
D:9 exclusion: statue
D:11 3 runed translucent doors, EnegeticOcto's ghost, journeyman DDFi


Innate Abilities, Weirdness & Mutations

You reflexively headbutt those who attack you in melee.
You have a pair of horns on your head.


Message History

Okay, then.
Evoke which item? (* to show all) (? for menu, Esc to quit)
Aiming: Disintegrate
Press: ? - help, Shift-Dir - straight line, f - you That would be overly suicidal.
Okay, then.
A lindwurm comes into view.
The lindwurm roars!
You hear a roar!
An orc wizard comes into view. It is wielding a +0 dagger.
A lindwurm comes into view.
The lindwurm roars!
The orc wizard shouts!
You hear a roar!
The lindwurm becomes distracted by the nearby gold, dreaming of imaginary riches.
The orc wizard becomes distracted by the nearby gold, dreaming of imaginary riches.
An orc comes into view. It is wielding a +0 club.
The lindwurm roars!
The orc wizard shouts!
The lindwurm is no longer distracted by gold.
The lindwurm becomes distracted by the nearby gold, dreaming of imaginary riches.
The lindwurm roars!
You hear a bellow!
The orc becomes distracted by the nearby gold, dreaming of imaginary riches.
The orc shouts!
The orc is no longer distracted by gold.
The orc wizard is no longer distracted by gold.
The orc throws a boomerang.
The boomerang hits you but does no damage.
The weapon returns to the orc!
The orc no longer looks unusually strong.
An orc comes into view.
A lindwurm comes into view.
The lindwurm roars!
The lindwurm is no longer distracted by gold.
The orc throws a boomerang.
You block the boomerang.
The weapon returns to the orc!
An orc priest comes into view. It is wielding a +0 club.
You are too injured to fight recklessly!
You are too injured to fight recklessly!
You are too injured to fight recklessly!
You are too injured to fight recklessly!
You are too injured to fight recklessly!
The orc throws a boomerang.
You block the boomerang.
The weapon returns to the orc!
A lindwurm comes into view.
The orc priest miscasts a cantrip.
You see here a gold piece.
A yak comes into view.
The yak bellows!
You hear a bellow! x3
The orc wizard hits you but does no damage.
The orc throws a boomerang.
You block the boomerang.
The weapon returns to the orc!
You closely miss the orc wizard.
You headbutt the orc wizard, but do no damage.
The lindwurm breathes flames at you. The blast of flame hits you!!
* * * LOW HITPOINT WARNING * * *
A yak comes into view.
The orc barely misses you.
The orc wizard hits you but does no damage.
The orc hits you but does no damage.
A yak comes into view.
Found 6 gold pieces.
Your plate armour prevents you from hitting the orc priest.
Your plate armour prevents you from hitting the orc wizard.
You hit the orc. x2; The orc barely misses you.
The orc wizard points at you and mumbles some strange words.
The magic dart hits you but does no damage.
You block the orc's attack. You block the orc priest's attack.
You hit the orc priest. Your headbutt misses the orc priest.
The orc priest is heavily wounded.
You barely miss the orc. You hit the orc but do no damage.
You miss the orc wizard.
A yak comes into view.
The orc hits you but does no damage.
The orc wizard hits you with a +0 dagger.
* * * LOW HITPOINT WARNING * * *
You slash the orc priest!
You kill the orc priest!
You barely miss the yak. You hit the orc but do no damage.
You slash the orc wizard!
You kill the orc wizard!
You block the orc's attack. The lindwurm breathes flames at you.
The blast of flame hits you!
* * * LOW HITPOINT WARNING * * *
The orc becomes distracted by the nearby gold, dreaming of imaginary riches.
You block the orc's attack. The yak gores you but does no damage.
Found a +0 hand axe.
Things that are here:
8 gold pieces; a +0 club; a +0 ring mail You slash the orc!
You kill the orc!
Your shield and plate armour prevent you from hitting the orc.
You hit the yak. You closely miss the yak.
The yak becomes distracted by the nearby gold, dreaming of imaginary riches.
A yak comes into view.
The orc hits you but does no damage. The lindwurm breathes flames at you.
The blast of flame hits you!!
You die...
Your body crumbles into a pile of gold.

#####....##...
#############...........§.
..........#..§....§≈......
..$$$$.$...$..§§§§§§§§§...
$$....$..§§..§§≈≈§§≈≈≈≈≈§.
.....$.).$§§≈≈≈≈≈§≈≈≈≈≈≈≈≈
.....))$..§§§≈≈≈≈≈≈≈≈≈§≈§§
#####..)o..§≈≈≈≈§....≈≈≈≈§
#)##Y@≈≈≈≈§...##...≈≈≈
)$8)$$Y§§§§§§.k####..§§§
))$)$..Y≈≈≈§kk#.$$.#..≈≈
.o[)8.$.Y≈≈§≈≈k## $##.≈≈
.o$$#....§≈§≈≈.# $ ##.≈≈
.o).#...Y§§≈§≈..# $.#..≈≈
#.....≈≈§§≈.. ##..≈≈≈
#.... §§ ≈.§.##.§§§§≈
≈≈≈≈....§§§§§


You could see 2 lindwurms, 5 yaks and an orc.

Vanquished Creatures
  Gastronok (D:9)
  2 orc knights (D:11)
  A necromancer (D:10)
  An ugly thing (D:10)
  Maurice (D:8)
  Maggie (D:9)
  2 trolls
  Grinder (D:3)
  A queen bee (D:9)
  A hippogriff (D:11)
  5 yaks (D:9)
  2 hungry ghosts
  An acid dragon (D:10)
  A water moccasin (D:10)
  2 soldier ants
  2 sky beasts
  5 orc warriors
  2 ice beasts
  2 phantoms
  4 ogres
  7 centaurs
  Blork the orc (D:5)
  2 bullfrogs
  2 scorpions
  19 killer bees
  7 howler monkeys
  A centaur zombie (D:11)
  6 crimson imps
  2 bullfrog zombies
  A jelly (D:10)
  2 hounds
  7 orc priests
  4 orc wizards
  4 bullfrog skeletons
  2 centaur skeletons
  2 iguanas
  8 worker ants
  4 yak simulacra (D:10)
  2 polar bear simulacra (D:10)
  2 wolf simulacra (D:10)
  A hound zombie (D:7)
  A worker ant zombie (D:5)
  16 adders
  5 shadow imps
  An ooze (D:3)
  An adder zombie (D:7)
  An adder skeleton (D:3)
  2 worms
  2 dart slugs
  5 leopard geckos
  33 orcs
  4 giant cockroaches
  13 goblins
  5 hobgoblins
  6 jackals
  4 kobolds
  7 quokkas
  A ball python (D:3)
  A ball python skeleton (D:4)
  5 bats
  A frilled lizard (D:2)
  A giant cockroach zombie (D:5)
  2 leopard gecko skeletons
  3 rats
  3 river rat simulacra (D:10)
247 creatures vanquished.

Notes
Turn   | Place    | Note
-------+----------+-------------------------------------------
     0 | D:1      | EnegeticOcto the Minotaur Fighter began the quest for the
                  | Orb.
     0 | D:1      | Reached XP level 1. HP: 19/19 MP: 0/0
    58 | D:2      | Reached XP level 2. HP: 19/27 MP: 1/1
    61 | D:2      | Reached XP level 3. HP: 24/33 MP: 2/2
   347 | D:3      | Found a shadowy altar of Dithmenos.
   354 | D:3      | Reached XP level 4. HP: 41/41 MP: 3/3
   378 | D:3      | Noticed Grinder
   378 | D:3      | Paralysed by Grinder for 7 turns
   395 | D:3      | Paralysed by Grinder for 6 turns
   408 | D:3      | Paralysed by Grinder for 2 turns
   410 | D:3      | Killed Grinder
   410 | D:3      | Reached skill level 5 in Fighting
   410 | D:3      | Reached XP level 5. HP: 11/48 MP: 4/4
   719 | D:3      | Reached XP level 6. HP: 56/56 MP: 5/5
   826 | D:3      | Found a hide-covered altar of Uskayaw.
  1506 | D:4      | Reached skill level 5 in Axes
  2588 | D:5      | Entered Level 5 of the Dungeon
  2601 | D:5      | Found a sparkling altar of Nemelex Xobeh.
  2611 | D:5      | Noticed Blork the orc
  2620 | D:5      | Reached skill level 5 in Armour
  2620 | D:5      | Reached skill level 1 in Dodging
  2620 | D:5      | Reached skill level 5 in Shields
  2626 | D:5      | Killed Blork the orc
  2626 | D:5      | Reached XP level 7. HP: 45/63 MP: 6/6
  3086 | D:5      | Found a staircase to the Ecumenical Temple.
  3108 | Temple   | Entered the Ecumenical Temple
  3121 | Temple   | Became a worshipper of Gozag Ym Sagoz the Greedy
  3362 | D:5      | Reached XP level 8. HP: 73/73 MP: 0/7
  4604 | D:7      | Found a glowing silver altar of Zin.
  4634 | D:7      | Reached skill level 1 in Evocations
  4997 | D:7      | Found a shimmering altar of Xom.
  5042 | D:7      | Found a stormy altar of Qazlal.
  5375 | D:8      | Reached XP level 9. HP: 82/82 MP: 9/9
  5490 | D:8      | Found a shattered altar of Ashenzari.
  5608 | D:8      | Found a runed translucent gate.
  5609 | D:8      | Found a runed translucent gate.
  5610 | D:8      | Found a runed translucent gate.
  5677 | D:8      | Noticed Maurice
  5691 | D:8      | Killed Maurice
  5773 | D:8      | Noticed Yorgos's ghost (novice GnMo)
  6018 | D:9      | Found Vewit's Food Emporium.
  6104 | D:9      | Found Segoeph's Armour Shoppe.
  6193 | D:9      | Noticed Maggie
  6203 | D:9      | Killed Maggie
  6244 | D:9      | Found Woplufaph's Magic Scroll Shop.
  6264 | D:9      | Bought a scroll of acquirement for 676 gold pieces
  6264 | D:9      | Identified the ring "Uzxoir" {AC+2 Int+3 Slay+3} (You
                  | acquired it on level 9 of the Dungeon)
  6282 | D:9      | Noticed Gastronok
  6304 | D:9      | Killed Gastronok
  6304 | D:9      | Reached skill level 10 in Fighting
  6304 | D:9      | Reached skill level 10 in Axes
  6304 | D:9      | Reached skill level 5 in Dodging
  6304 | D:9      | Reached XP level 10. HP: 61/93 MP: 8/11
  6505 | D:9      | Bought 2 scrolls of enchant weapon for 195 gold pieces
  6951 | D:9      | Found a hazy altar of Hepliaklqana.
  7000 | D:9      | Found a staircase to the Lair.
  7007 | D:9      | Found a radiant altar of Vehumet.
  7435 | D:10     | Entered Level 10 of the Dungeon
  7485 | D:10     | Noticed a brown ugly thing
  7500 | D:10     | Killed a brown ugly thing
  7618 | D:10     | Got a sparkling emerald amulet
  7623 | D:10     | Identified the amulet of the Middle {Inacc *Slow rF+ SInv}
                  | (You found it on level 10 of the Dungeon)
  7843 | D:10     | Reached XP level 11. HP: 102/102 MP: 13/13
  8392 | D:10     | Noticed a necromancer
  8397 | D:10     | Killed a necromancer
  8712 | D:11     | Noticed an eight-headed hydra
  8713 | D:11     | Found a runed translucent gate.
  8713 | D:11     | Found a runed translucent gate.
  8713 | D:11     | Found a runed translucent gate.
  8714 | D:11     | Noticed EnegeticOcto's ghost (journeyman DDFi)
  8887 | D:11     | Noticed an orc knight
  8890 | D:11     | Noticed an orc knight
  8899 | D:11     | Killed an orc knight
  8904 | D:11     | Killed an orc knight
  8909 | D:11     | Noticed a lindwurm
  8911 | D:11     | Noticed a lindwurm
  8916 | D:11     | Noticed a lindwurm
  8917 | D:11     | Noticed a lindwurm
  8925 | D:11     | Killed from afar by a lindwurm

Levels and vault maps discovered:
D:1:      heliophobic_arrival_glass_houses, layout_basic
D:2:      layout_loops_cross, lemuel_blue_sif_altar, minmay_tetromino_s4
D:3:      layout_loops_ring, nicolae_dithmenos_shadow_blocks,
          nicolae_overflow_crystal_walls, first_ration,
          minmay_fractal_squares_gapless_5, uniq_grinder
D:4:      layout_cave_pods, minmay_bent
D:5:      minmay_inner_zag, layout_loops_corners, overflow_temple_1_default,
          minmay_temple_entry_statues_fountains, minmay_ogre_servants,
          uniq_blork_the_orc
D:6:      layout_gridville
D:7:      layout_loops_ring, kennysheep_little_box, kennysheep_mini_moat,
          nicolae_qazlal_general_emergency, centaur_isle
D:8:      layout_loops_ring, lemuel_crystal_altar, gammafunk_ghost_spectres,
          grunt_decor_one_mirror, uniq_maurice
D:9:      layout_cave_pods, vehumet_statue, lemuel_round_altar,
          lair_entry_dummy, serial_shops, shop_scrolls, shop, shop_fountains,
          david_nohive_1, uniq_maggie, uniq_gastronok
D:10:     layout_irregular_city, eino_house_with_fridge
D:11:     layout_irregular_city, david_orc_5, gammafunk_ghost_split,
          minmay_lindwurm_lava, uniq_nergalle
Temple:   nicolae_temple_x_marks_the_god

Skill      XL: |  1  2  3  4  5  6  7  8  9 10 11 |
---------------+----------------------------------+-----
Fighting       | 4 5 6 7 8 10 11 | 11.7
Axes           | 3 4 5 6 8 10 11 | 11.5
Armour         | 4 5 6 7 8 |  8.8
Shields        | 4 5 6 7 8 |  8.7
Dodging        | 1 2 3 5 6 |  6.5
Evocations     | 1 3 4 |  4.8

Action                   |  1- 3 |  4- 6 |  7- 9 | 10-12 || total
-------------------------+-------+-------+-------+-------++-------
Melee: War axe           |    37 |   112 |   280 |   198 ||   627
       Headbutt          |     2 |    16 |    66 |    43 ||   127
Evoke: Wand              |       |       |     2 |     3 ||     5
  Use: Scroll            |       |    11 |     5 |     7 ||    23
       Potion            |       |       |     1 |       ||     1
 Stab: Distracted        |     1 |       |     1 |       ||     2
       Paralysed         |       |       |     4 |       ||     4
  Eat: Chunk             |       |     5 |       |       ||     5
       Ration            |       |       |     4 |     4 ||     8
Armor: Scale mail        |    19 |    33 |       |       ||    52
       Chain mail        |       |    11 |    43 |       ||    54
       Plate armour      |       |       |    56 |    94 ||   150
Dodge: Dodged            |    22 |    36 |    80 |    49 ||   187
Block: Kite shield       |    16 |    60 |   139 |   125 ||   340

Table legend:
 A = Non-vault XP
 B = Vault XP
 C = Vault XP percentage of total XP
 D = Non-vault monster count
 E = Vault monster count
 F = Vault count percentage of total count
                 A         B        C        D         E       F
            +---------+---------+-------+---------+---------+-------
      Total |    8209 |    7761 |  48.6 |     163 |      84 |  34.0
            +---------+---------+-------+---------+---------+-------
        D:1 |       4 |       0 |   0.0 |       3 |       0 |   0.0
        D:2 |      84 |       4 |   4.5 |      13 |       2 |  13.3
        D:3 |      65 |     295 |  81.9 |      17 |       4 |  19.0
        D:4 |      42 |     123 |  74.5 |       5 |       8 |  61.5
        D:5 |     547 |     463 |  45.8 |      16 |      18 |  52.9
        D:6 |     237 |       0 |   0.0 |      11 |       0 |   0.0
        D:7 |     615 |       0 |   0.0 |      15 |       0 |   0.0
        D:8 |    1007 |     439 |  30.4 |      16 |       1 |   5.9
        D:9 |    2126 |    3934 |  64.9 |      22 |      18 |  45.0
       D:10 |    2242 |     835 |  27.1 |      28 |      12 |  30.0
       D:11 |    1240 |    1668 |  57.4 |      17 |      21 |  55.3
            +---------+---------+-------+---------+---------+-------
